 Dungeon Crawl Stone Soup version 0.21.1-68-g103a7af (webtiles) character file.

123934 tev the Warrior (level 16, -4/157 HPs)
             Began as a Minotaur Berserker on Aug 2, 2018.
             Was a High Priest of Trog.
             Shot with a bolt by a naga sharpshooter (13 damage)
             ... on level 4 of the Snake Pit.
             The game lasted 02:26:11 (24294 turns).

tev the Warrior (Minotaur Berserker)               Turns: 24294, Time: 02:26:11

Health: -4/157     AC: 31    Str: 30    XL:     16   Next: 38%
Magic:  24/24      EV:  8    Int:  8    God:    Trog [*****.]
Gold:   1458       SH: 23    Dex: 11    Spells: 15/15 levels left

rFire    + . .     SeeInvis .   s - +7 falchion "Stringbean" {flame, rC++ Str-3 Int+4 Stlth+}
rCold    + + +     Gourm    .   p - +2 large shield {AC+3}
rNeg     . . .     Faith    .   B - +3 plate armour {MR+}
rPois    +         Spirit   .   (helmet restricted)
rElec    .         Reflect  .   y - +0 cloak "Nitweer" {rC+}
rCorr    .         Harm     .   X - +2 pair of gloves
MR       +++++                  K - +0 pair of boots
Stlth    ..........             (no amulet)
HPRegen  1.36/turn              w - ring of Benudgh {+Fly rF+ MR++ MP+9 Str+5}
MPRegen  0.19/turn              t - ring of poison resistance

@: lethally poisoned (-4 -> -22), berserk cooldown, regenerating, slowed,
constricted, very slow
A: retaliatory headbutt, horns 2
a: Berserk, Trog's Hand, Brothers in Arms, Burn Spellbooks, Renounce Religion,
Evoke Flight


You were on level 4 of the Snake Pit.
You worshipped Trog.
Trog was extremely pleased with you.
You were not hungry.

You visited 3 branches of the dungeon, and saw 25 of its levels.

You collected 1938 gold pieces.
You spent 480 gold pieces at shops.

Inventory:

Hand Weapons
 s - the +7 falchion "Stringbean" (weapon) {flame, rC++ Str-3 Int+4 Stlth+}
   (You found it on level 4 of the Dungeon)

   It has been specially enchanted to burn those struck by it, causing extra
   injury to most foes and up to half again as much damage against particularly
   susceptible opponents.
   Big, fiery blades are also staple armaments of hydra-hunters.
   It affects your strength (-3).
   It affects your intelligence (+4).
   It greatly protects you from cold.
   It makes you more stealthy.
 G - a +2 antimagic hand axe
 W - a +6 broad axe of flaming
Armour
 p - a +2 large shield of protection (worn)
 y - the +0 cloak "Nitweer" (worn) {rC+}
   (You found it on level 7 of the Dungeon)

   It protects you from cold.
 B - a +3 plate armour of magic resistance (worn)
 K - a +0 pair of boots (worn)
 X - a +2 pair of gloves (worn)
Jewellery
 t - a ring of poison resistance (right hand)
 w - the ring of Benudgh (left hand) {+Fly rF+ MR++ MP+9 Str+5}
   (You found it on level 5 of the Dungeon)

   [ring of strength]

   It affects your strength (+5).
   It protects you from fire.
   It affects your resistance to hostile enchantments.
   It affects your magic capacity (+9).
   It lets you fly.
 Q - an uncursed ring of see invisible
 V - an uncursed ring of protection from fire
Wands
 m - a wand of acid (16)
 z - a wand of iceblast (25)
 C - a wand of flame (11)
 H - a wand of paralysis (25)
 J - a wand of random effects (34)
 R - a wand of enslavement (9)
Scrolls
 a - 6 scrolls of fear
 d - 4 scrolls of identify
 f - 3 scrolls of blinking
 h - a scroll of torment
 i - 10 scrolls of teleportation
 k - 2 scrolls of immolation
 l - 10 scrolls of remove curse
 n - 3 scrolls of enchant weapon
 o - 4 scrolls of enchant armour
 r - 3 scrolls of fog
 u - a scroll of magic mapping
 A - a scroll of summoning
 I - a scroll of brand weapon
 T - a scroll of silence
Potions
 b - 8 potions of heal wounds
 e - 3 potions of berserk rage
 g - a potion of degeneration
 j - 2 potions of resistance
 q - a potion of mutation
 v - 2 potions of magic
 x - 7 potions of curing
 D - 2 potions of brilliance
 E - 3 potions of lignification
 F - 6 potions of flight
 N - a potion of invisibility
 O - 2 potions of agility
 P - a potion of might
 S - 2 potions of haste
 U - a potion of ambrosia
Comestibles
 c - 38 rations


   Skills:
 * Level 18.0 Fighting
 - Level 14.0 Long Blades
 - Level 8.1 Axes
 * Level 17.5 Armour
 * Level 9.3 Dodging
 + Level 15.2 Shields


You had 15 spell levels left.
You didn't know any spells.

Dungeon Overview and Level Annotations

Branches:
Dungeon (15/15)            Temple (0/1) D:4            Lair (6/6) D:11
 Shoals (0/4) Lair:3        Snake (4/4) Lair:4        Slime (0/5) Lair:5
    Orc (0/2) D:9          Vaults (0/5) D:14         Depths (0/5) D:15

Altars:
Elyvilon
Fedhas
Kikubaaqudgha
Makhleb
Nemelex Xobeh
Okawaru
Ru
Sif Muna
Vehumet
Xom
Zin
The Shining One

Shops:
D:4 [   D:7 }   Snake:3 [


Innate Abilities, Weirdness & Mutations

You reflexively headbutt those who attack you in melee.
You have a pair of horns on your head.


Message History

The poison arrow hits you!
You are more poisoned.
You partially resist.
* * * LOW HITPOINT WARNING * * *
You block the nagaraja's attack.
The shock serpent bites you but does no damage.
The nagaraja hits you but does no damage.
The nagaraja grabs you.
You stop ascending the stairs.
* * * LOW HITPOINT WARNING * * *
The nagaraja constricts you.
You block the guardian serpent's attack.
You block the naga mage's attack. The naga mage casts a spell at you.
You block the poison arrow.
The salamander mystic closely misses you.
You furiously retaliate!
You headbutt the salamander mystic!
The naga sharpshooter mumbles some strange words.
The naga sharpshooter magically shoots a bolt.
The bolt hits you!
You die...

.... . .. ..
.#.#. ..
..###...###. .
.##.........##..
#N...⌠...⌠..).##
................
.....#'N'.......
..⌠.NNSNN...⌠...
...NNNS@S.......
.N.N.NNNN.......
.....⌠NS.⌠......
................
...............#
##...........##.
####.....####
###+###


You could see 3 nagarajas, a naga sharpshooter, a salamander mystic, a
salamander, a naga ritualist, a shock serpent, a mana viper, 2 guardian
serpents, 2 naga magi and 7 nagas.

Vanquished Creatures
  Frances (Snake:2)
  Agnes (D:14)
  5 nagarajas
  Louise (D:15)
  Azrael (D:14)
  A fire dragon (Lair:6)
  9 hydras
  The ghost of zapotec the Nimble, a journeyman OpAs of Hepliaklqana (D:11)
  A naga warrior (Snake:1)
  A catoblepas (Lair:5)
  6 anacondas
  6 centaur warriors
  8 two-headed ogres
  An ogre mage (D:15)
  3 death yaks (Lair:6)
  7 naga sharpshooters
  Urug (D:15)
  2 salamander mystics (Snake:3)
  3 unseen horrors
  3 naga ritualists
  3 wizards (D:15)
  Pikel (D:7)
  A lindwurm (Lair:6)
  A necromancer (D:14)
  2 orc knights (D:15)
  7 mana vipers
  An orc sorcerer (D:15)
  3 cyclopes
  8 salamanders
  3 manticores
  An ugly thing (D:11)
  2 oklob plants (Lair:1)
  2 guardian serpents
  5 centaur zombies
  12 elephants
  Psyche (D:12)
  7 naga magi
  A torpor snail (Lair:6)
  29 black mambas
  3 molten gargoyles (Lair:6)
  5 centaur skeletons
  3 gargoyles
  7 spiny frogs
  7 komodo dragons
  2 efreet (D:15)
  A rime drake (shapeshifter) (D:15)
  A freezing wraith (D:15)
  A redback zombie (D:15)
  A kobold demonologist (D:15)
  3 rime drakes
  A tengu conjurer (D:14)
  8 trolls
  6 polar bears
  10 slime creatures
  A hornet (D:11)
  2 meliai zombies
  12 hippogriffs
  3 blink frogs (Lair:4)
  11 dream sheep
  A shadow (D:14)
  8 basilisks
  Eustachio (D:4)
  3 wraiths
  3 fire elementals (D:14)
  A vampire (D:14)
  3 wyverns
  51 yaks
  2 steam dragons (Lair:6)
  2 hungry ghosts (D:11)
  3 wargs (D:9)
  18 nagas
  A soldier ant (D:11)
  Duvessa (D:6)
  5 hell hounds
  7 porcupines
  2 slaves (D:7)
  19 water moccasins
  3 phantoms
  2 meliai simulacra
  7 orc warriors
  2 sky beasts
  A black bear (Lair:3)
  An eye of draining (D:11)
  2 necrophages
  10 ogres
  15 wolves
  24 centaurs
  14 crocodiles
  2 big kobolds (D:12)
  16 bullfrogs
  A gnoll sergeant (D:8)
  Dowan (D:6)
  A scorpion (D:6)
  4 killer bees
  The ghost of Rwicked the Grasshopper, a weakling GnWr (D:4)
  3 wights (D:10)
  4 howler monkeys
  3 lava snakes (Lair:6)
  5 crimson imps
  2 bullfrog zombies
  5 hounds
  13 jellies
  10 orc priests
  2 bullfrog skeletons
  A quasit (D:12)
  17 orc wizards
  Terence (D:3)
  6 iguanas
  10 worker ants
  2 hound zombies (D:6)
  5 gnolls (D:8)
  12 adders
  2 shadow imps (D:15)
  2 oozes (Lair:5)
  3 adder skeletons
  An adder zombie (D:9)
  2 worms
  2 dart slugs
  4 leopard geckos
  66 orcs
  2 ball pythons
  13 giant cockroaches
  6 goblins
  6 hobgoblins
  15 jackals
  6 quokkas
  10 bats
  4 frilled lizards
  12 kobolds
  A leopard gecko skeleton (D:4)
  7 rats
743 creatures vanquished.

Vanquished Creatures (collateral kills)
  A hydra (D:14)
1 creature vanquished.

Vanquished Creatures (others)
  A naga mage (Snake:4)
  A basilisk (Lair:6)
  A ball python (D:7)
  5 fungi
  9 plants
17 creatures vanquished.

Grand Total: 761 creatures vanquished

Notes
Turn   | Place    | Note
-------+----------+-------------------------------------------
     0 | D:1      | tev the Minotaur Berserker began the quest for the Orb.
     0 | D:1      | Reached XP level 1. HP: 19/19 MP: 0/0
   159 | D:1      | Reached XP level 2. HP: 26/27 MP: 1/1
   236 | D:1      | Reached skill level 4 in Fighting
   580 | D:1      | Reached XP level 3. HP: 32/33 MP: 2/2
   926 | D:2      | Reached ** piety under Trog
  1107 | D:2      | Reached skill level 5 in Axes
  1429 | D:2      | Reached XP level 4. HP: 40/40 MP: 3/3
  1600 | D:3      | Noticed Terence
  1611 | D:3      | Killed Terence
  1611 | D:3      | Reached XP level 5. HP: 26/47 MP: 4/4
  2448 | D:3      | Found a faded altar of an unknown god.
  2448 | D:3      | Found a white marble altar of Elyvilon.
  2462 | D:3      | Found a faded altar of an unknown god.
  2464 | D:3      | Found a burning altar of Makhleb.
  2466 | D:3      | Found a deep blue altar of Sif Muna.
  2531 | D:4      | Found a staircase to the Ecumenical Temple.
  2576 | D:4      | Reached XP level 6. HP: 46/53 MP: 5/5
  2590 | D:4      | Reached *** piety under Trog
  2609 | D:4      | Noticed Rwicked's ghost (weakling GnWr)
  2751 | D:4      | Killed Rwicked's ghost
  2763 | D:4      | Noticed Eustachio
  2869 | D:4      | Killed Eustachio
  2869 | D:4      | Reached XP level 7. HP: 60/60 MP: 6/6
  2904 | D:4      | Got a bone falchion
  2905 | D:4      | Identified the +7 falchion "Stringbean" {flame, rC++ Str-3 Int+4 Stlth+} (You found it on level 4 of the Dungeon)
  2925 | D:4      | Reached skill level 5 in Fighting
  2930 | D:4      | Reached skill level 1 in Long Blades
  2981 | D:4      | Reached skill level 5 in Armour
  2994 | D:4      | Found Naqub's Armour Boutique.
  3190 | D:4      | Found a glowing silver altar of Zin.
  3379 | D:5      | Entered Level 5 of the Dungeon
  3399 | D:5      | Got a wavering golden ring
  3400 | D:5      | Identified the ring of Benudgh {+Fly rF+ MR++ MP+9 Str+5} (You found it on level 5 of the Dungeon)
  3423 | D:5      | Reached XP level 8. HP: 62/69 MP: 7/7
  3527 | D:5      | Reached skill level 5 in Long Blades
  3681 | D:5      | Found an iron altar of Okawaru.
  3823 | D:6      | Reached **** piety under Trog
  4149 | D:6      | Noticed Duvessa
  4150 | D:6      | Noticed Dowan
  4154 | D:6      | Killed Duvessa
  4157 | D:6      | Killed Dowan
  4194 | D:7      | Found a blossoming altar of Fedhas.
  4205 | D:6      | Reached skill level 6 in Fighting
  4371 | D:7      | Reached XP level 9. HP: 67/75 MP: 8/8
  4722 | D:7      | Got a twisted cloak
  4728 | D:7      | Identified the cursed +0 cloak "Nitweer" {rC+} (You found it on level 7 of the Dungeon)
  4822 | D:7      | Noticed Pikel
  4832 | D:7      | Killed Pikel
  4905 | D:7      | Reached skill level 10 in Long Blades
  5051 | D:7      | Found Hyhamos's Gadget Boutique.
  5080 | D:7      | Found a shimmering altar of Xom.
  5210 | D:8      | Noticed a two-headed ogre
  5214 | D:8      | Killed a two-headed ogre
  5214 | D:8      | Reached skill level 7 in Fighting
  5214 | D:8      | Reached XP level 10. HP: 86/86 MP: 9/9
  5295 | D:8      | Reached ***** piety under Trog
  5630 | D:8      | Found a glowing golden altar of the Shining One.
  5964 | D:8      | Got a bound pewter ring
  5966 | D:8      | Identified the ring "Faukk" {MP+9 Stlth+} (You found it on level 8 of the Dungeon)
  6207 | D:9      | Reached skill level 1 in Shields
  6625 | D:9      | Noticed a two-headed ogre
  6634 | D:9      | Killed a two-headed ogre
  6810 | D:9      | Found a radiant altar of Vehumet.
  6810 | D:9      | Noticed a two-headed ogre
  6815 | D:9      | Killed a two-headed ogre
  6823 | D:9      | Reached XP level 11. HP: 77/94 MP: 10/10
  6956 | D:9      | Found a staircase to the Orcish Mines.
  6965 | D:9      | Received a gift from Trog
  6975 | D:9      | Reached skill level 8 in Fighting
  7621 | D:10     | Entered Level 10 of the Dungeon
  7750 | D:10     | Reached skill level 10 in Armour
  7882 | D:10     | Killed an unseen horror
  8084 | D:10     | Reached skill level 9 in Fighting
  8094 | D:10     | Reached skill level 5 in Shields
  8771 | D:11     | Received a gift from Trog
  8975 | D:11     | Reached ****** piety under Trog
  9029 | D:11     | Noticed a purple ugly thing
  9034 | D:11     | Noticed zapotec's ghost (journeyman OpAs)
  9037 | D:11     | Killed a purple ugly thing
  9046 | D:11     | Killed zapotec's ghost
  9063 | D:11     | Reached skill level 10 in Fighting
  9091 | D:11     | Found a staircase to the Lair.
  9226 | D:11     | Paralysed by a hornet for 3 turns
  9232 | D:11     | Reached XP level 12. HP: 106/106 MP: 11/11
  9586 | D:4      | Bought a +2 plate armour of magic resistance for 480 gold pieces
  9943 | D:12     | Received a gift from Trog
 10057 | D:12     | Noticed Psyche
 10063 | D:12     | Killed Psyche
 10407 | D:13     | Noticed a centaur warrior
 10415 | D:13     | Killed a centaur warrior
 10620 | D:13     | Noticed a centaur warrior
 10629 | D:13     | Killed a centaur warrior
 10900 | D:13     | Found a shimmering altar of Xom.
 10932 | D:13     | Found an ancient bone altar of Kikubaaqudgha.
 10932 | D:13     | Found a burning altar of Makhleb.
 10960 | D:13     | Found a shimmering altar of Xom.
 10960 | D:13     | Found a sacrificial altar of Ru.
 10960 | D:13     | Found a sparkling altar of Nemelex Xobeh.
 11165 | D:14     | Reached skill level 11 in Fighting
 11202 | D:14     | Received a gift from Trog
 11270 | D:14     | Found a gate to the Vaults.
 11308 | D:14     | Noticed a centaur warrior
 11315 | D:14     | Killed a centaur warrior
 11541 | D:14     | Noticed an eight-headed hydra
 11567 | D:14     | Noticed Azrael
 11650 | D:14     | Noticed Agnes
 11661 | D:14     | Killed Agnes
 11661 | D:14     | Reached skill level 10 in Shields
 11876 | D:14     | Killed a nine-headed hydra
 11995 | D:14     | Reached XP level 13. HP: 117/117 MP: 12/12
 12013 | D:14     | Killed Azrael
 12013 | D:14     | Reached skill level 12 in Fighting
 12307 | D:14     | Found a glowing silver altar of Zin.
 12308 | D:14     | Noticed an angel
 12355 | D:15     | Entered Level 15 of the Dungeon
 12371 | D:15     | Noticed Urug
 12381 | D:15     | Killed Urug
 12809 | D:15     | Noticed Louise
 12823 | D:15     | Killed Louise
 12823 | D:15     | Received a gift from Trog
 12823 | D:15     | Reached skill level 13 in Fighting
 12891 | D:15     | Reached skill level 5 in Dodging
 13448 | D:15     | Reached XP level 14. HP: 71/130 MP: 13/13
 13735 | D:15     | Found a staircase to the Depths.
 13807 | D:15     | Reached skill level 14 in Fighting
 13818 | D:15     | Received a gift from Trog
 14180 | D:15     | Found a blossoming altar of Fedhas.
 14509 | Lair:1   | Entered Level 1 of the Lair of Beasts
 16766 | Lair:3   | Found a staircase to the Shoals.
 17526 | Lair:4   | Found a staircase to the Snake Pit.
 17557 | Lair:4   | Reached skill level 15 in Armour
 18600 | Lair:5   | Found a staircase to the Slime Pits.
 19250 | Lair:6   | Entered Level 6 of the Lair of Beasts
 19250 | Lair:6   | Found the +4 robe of Augmentation {Str+4 Int+4 Dex+4}
 19440 | Lair:6   | Reached skill level 15 in Fighting
 19619 | Lair:6   | Reached XP level 15. HP: 129/141 MP: 14/14
 19749 | Lair:6   | Received a gift from Trog
 19926 | Lair:6   | Reached skill level 15 in Shields
 20624 | Lair:6   | Found a large runed door.
 20657 | Lair:6   | Found a large runed door.
 21024 | Lair:6   | Reached skill level 16 in Fighting
 21218 | Snake:1  | Entered Level 1 of the Snake Pit
 21434 | Snake:1  | Received a gift from Trog
 21441 | Snake:1  | Got a scorched fustibalus {god gift}
 21442 | Snake:1  | Identified the +3 fustibalus "Kovvuugh" {venom, rElec Stlth+} (Trog gifted it to you on level 1 of the Snake Pit)
 21900 | Snake:1  | Got a brightly glowing chain mail
 21915 | Snake:1  | Identified the +9 chain mail of the Crypt {rPois rC+ Regen+ Str-5} (You found it on level 1 of the Snake Pit)
 22028 | Snake:2  | Noticed Frances
 22041 | Snake:2  | Killed Frances
 22158 | Snake:2  | Noticed a nagaraja
 22173 | Snake:2  | Killed a nagaraja
 22290 | Snake:2  | Reached skill level 17 in Fighting
 22313 | Snake:2  | Noticed a nagaraja
 22323 | Snake:2  | Killed a nagaraja
 22557 | Snake:2  | Reached XP level 16. HP: 108/155 MP: 1/15
 23496 | Snake:3  | Found Jiucoas's Antique Armour Boutique.
 23637 | Snake:3  | Received a gift from Trog
 24247 | Snake:4  | Entered Level 4 of the Snake Pit
 24287 | Snake:4  | Reached skill level 18 in Fighting
 24294 | Snake:4  | Shot with a bolt by a naga sharpshooter

Skill      XL: |  1  2  3  4  5  6  7  8  9 10 11 12 13 14 15 16 |
---------------+-------------------------------------------------+-----
Axes           | 4 5 6 8 |  8.1
Fighting       | 4 5 6 7 10 11 13 15 17 18 | 18.0
Armour         | 3 4 5 6 8 9 11 13 14 15 16 17 | 17.5
Dodging        | 3 4 5 7 9 |  9.3
Long Blades    | 4 8 11 13 14 | 14.0
Shields        | 2 6 10 12 14 15 | 15.2

Action                   |  1- 3 |  4- 6 |  7- 9 | 10-12 | 13-15 | 16-18 || total
-------------------------+-------+-------+-------+-------+-------+-------++-------
Melee: Hand axe          |    99 |   124 |     4 |       |       |       ||   227
       Headbutt          |     7 |    22 |    34 |   134 |   393 |    61 ||   651
       Falchion          |       |       |   165 |   663 |  1398 |   203 ||  2429
       Unarmed           |       |       |       |     5 |       |       ||     5
Invok: Berserk           |       |     2 |     3 |     6 |    11 |     2 ||    24
       Trog's Hand       |       |     1 |     1 |     1 |     2 |     1 ||     6
       Burn Spellbooks   |       |       |       |     4 |     5 |     1 ||    10
       Brothers in Arms  |       |       |       |     1 |       |       ||     1
 Abil: Evoke Flight      |       |       |       |       |     1 |       ||     1
  Use: Scroll            |       |       |       |    19 |     1 |    11 ||    31
       Potion            |       |       |       |     1 |     1 |       ||     2
 Stab: Petrified         |       |       |       |       |     1 |       ||     1
  Eat: Chunk             |     2 |     6 |     8 |    27 |    20 |     1 ||    64
       Ration            |       |       |     1 |     2 |     7 |     2 ||    12
Armor: Animal skin       |     8 |       |       |       |       |       ||     8
       Chain mail        |    43 |    94 |    38 |       |       |       ||   175
       Plate armour      |       |       |    90 |   297 |   509 |    76 ||   972
Dodge: Dodged            |    55 |    62 |    86 |   123 |   300 |    44 ||   670
Block: Shield            |       |       |       |   247 |    78 |       ||   325
       Large shield      |       |       |       |       |  1149 |   250 ||  1399
       Rpst.: Falchion   |       |       |    23 |    18 |    64 |     6 ||   111
